Match 44516580
Unlisted

Match 44516580
End
Selects Australian Defense Battlegroup
Selects Australian Light Infantry Section
Australian Light Infantry Section
Construct Section Command Post
Dingo Light Scout Car
Australian Light Infantry Section
Australian Light Infantry Section
ML 3-inch Mortar Team
Selects Defensive Tactics
Vickers Machine Gun Team
Construct Platoon Command Post
Selects CMP 15cwt Supply Run
Unlock Bishop Self-propelled Artillery
Bishop Self-propelled Artillery
Royal Engineer Section
Bishop Self-propelled Artillery
Light Vehicle Training
Selects Reinforced Resource Caches
Infantry Training
6-pounder Anti-tank Gun Team
6-pounder Anti-tank Gun Team
Construct Company Command Post
Construct Company Command Post
Unlock Towed 17-pounder Anti-tank Guns
Selects Archer Tank Destroyer
Archer Tank Destroyer
17-pounder Anti-tank Gun Team
Archer Tank Destroyer
ValiantHawk
Zoomer
Exf
Gravey
菲蕾嘉
JT
子清
daveh2k
0
0

Comments sign in to comment!

No comments posted yet!